NYP
HILLSBORO HOPS @ WILLIAMSPORT CROSSCUTTERS
06/28/2047
 
TOP OF THE 1ST
Hillsboro Hops batting - Pitching for Williamsport Crosscutters : RHP Jonathan Beishline
Pitching: RHP Jonathan Beishline
Batting: RHB Nelson Ozuna 0-0: Foul Ball, location: 2F
0-1: Ground out 5-3 (Groundball, 56, EV 87.5 MPH)
Batting: RHB Armando Estrada 0-0: Ball
1-0: Ground out U3 (Groundball, 34, EV 84.4 MPH)
Batting: RHB Danny Loyola 0-0: Called Strike
0-1: Ground out 6-3 (Groundball, 56, EV 90.6 MPH)
Top of the 1st over - 0 runs, 0 hits, 0 errors, 0 left on base; Hillsboro 0 - Williamsport 0
BOTTOM OF THE 1ST
Williamsport Crosscutters batting - Pitching for Hillsboro Hops : RHP Eric Teixeira
Pitching: RHP Eric Teixeira
Batting: RHB Gary Sampson 0-0: Ball
1-0: Ball
2-0: Swinging Strike
2-1: Fly out, F2 (Popup, 13S, EV 85.0 MPH)
Batting: SHB Marco de Leon 0-0: Ball
1-0: DOUBLE (Line Drive, 3D, EV 96.2 MPH)
Batting: SHB Brett St. Clair 0-0: Ball
1-0: Ball
2-0: Foul Ball, location: 2F
2-1: Foul Ball, location: 2F
2-2: Strikes out looking and he ARGUES THE CALL AND IS TOSSED!
Batting: RHB Carlos Morejon 0-0: Ball
1-0: Fly out, F9 (Line Drive, 9LS, EV 95.0 MPH)
Bottom of the 1st over - 0 runs, 1 hit, 0 errors, 1 left on base; Hillsboro 0 - Williamsport 0
TOP OF THE 2ND
Hillsboro Hops batting - Pitching for Williamsport Crosscutters : RHP Jonathan Beishline
Now in RF: Bobby Matyas
Batting: RHB Terry Jarrells 0-0: Foul Ball, location: 2F
0-1: Foul Ball, location: 2F
0-2: Strikes out swinging
Batting: RHB Jonathan Underhill 0-0: Swinging Strike
0-1: Ground out 1-3 (Groundball, 13, EV 68.1 MPH)
Batting: RHB Sean Tanner 0-0: Swinging Strike
0-1: Ball
1-1: Ball
2-1: Ball
3-1: Base on Balls
Batting: RHB Chris McGrath 0-0: Called Strike
0-1: Swinging Strike
0-2: Ground out 4-3 (Groundball, 13, EV 83.8 MPH)
Top of the 2nd over - 0 runs, 0 hits, 0 errors, 1 left on base; Hillsboro 0 - Williamsport 0
BOTTOM OF THE 2ND
Williamsport Crosscutters batting - Pitching for Hillsboro Hops : RHP Eric Teixeira
Batting: RHB Antonio Lara 0-0: Hit by Pitch
Batting: LHB Rich Kuehne 0-0: Called Strike
0-1: Ball
1-1: Swinging Strike
1-2: Foul Ball, location: 2F
1-2: Strikes out swinging
Batting: RHB Pablo Lopez 0-0: Foul Ball, location: 2F
0-1: Grounds into double play, 6-4-3 (Groundball, 6, EV 106.9 MPH)
Bottom of the 2nd over - 0 runs, 0 hits, 0 errors, 0 left on base; Hillsboro 0 - Williamsport 0
TOP OF THE 3RD
Hillsboro Hops batting - Pitching for Williamsport Crosscutters : RHP Jonathan Beishline
Batting: RHB Ryuki Ogasawara 0-0: Ball
1-0: Ball
2-0: Ground out 6-3 (Groundball, 6MD, EV 107.5 MPH)
Batting: RHB Daniel Rivera 0-0: Ball
1-0: Ball
2-0: SINGLE (Groundball, 6MD, EV 93.8 MPH)
Batting: RHB Nelson Ozuna 0-0: Ball
1-0: Ball
Daniel Rivera is caught stealing 2nd base 2-4
2-0: Called Strike
2-1: Called Strike
2-2: Foul Ball, location: 2F
2-2: Ground out 5-3 (Groundball, 56, EV 96.2 MPH)
Top of the 3rd over - 0 runs, 1 hit, 0 errors, 0 left on base; Hillsboro 0 - Williamsport 0
BOTTOM OF THE 3RD
Williamsport Crosscutters batting - Pitching for Hillsboro Hops : RHP Eric Teixeira
Batting: RHB Pete Deschamps 0-0: Foul Ball, location: 2F
0-1: Foul Ball, location: 2F
0-2: Ground out 6-3 (Groundball, 56, EV 87.5 MPH)
Batting: SHB Miguel Sierra 0-0: Ball
1-0: Foul Ball, location: 2F
1-1: Called Strike
1-2: Ball
2-2: Strikes out swinging
Batting: RHB Gary Sampson 0-0: Ball
1-0: Called Strike
1-1: Called Strike
1-2: Ball
2-2: Ball
3-2: Foul Ball, location: 2F
3-2: Foul Ball, location: 2F
3-2: Base on Balls
Batting: SHB Marco de Leon 0-0: Ball
1-0: Called Strike
1-1: Ball
2-1: Ball
3-1: Foul Ball, location: 2F
3-2: Base on Balls
Gary Sampson to second
Batting: RHB Bobby Matyas 0-0: Called Strike
0-1: Reached on error, E4 (Groundball, 4MD, EV 106.9 MPH)
Gary Sampson to third
Marco de Leon to second
Batting: RHB Carlos Morejon 0-0: Foul Ball, location: 2F
0-1: Swinging Strike
0-2: Strikes out swinging
Bottom of the 3rd over - 0 runs, 0 hits, 1 error, 3 left on base; Hillsboro 0 - Williamsport 0
TOP OF THE 4TH
Hillsboro Hops batting - Pitching for Williamsport Crosscutters : RHP Jonathan Beishline
Batting: RHB Armando Estrada 0-0: Foul Ball, location: 2F
0-1: Ball
1-1: SINGLE (Groundball, 6MD, EV 103.8 MPH)
Batting: RHB Danny Loyola 0-0: Ball
Armando Estrada steals 2nd, throwing error, E2
Armando Estrada to third
1-0: SINGLE (Line Drive, 9LS, EV 97.5 MPH)
Armando Estrada scores
Batting: RHB Terry Jarrells 0-0: Ball
1-0: SINGLE (Groundball, 25, EV 74.4 MPH) (infield hit)
Danny Loyola to second
Batting: RHB Jonathan Underhill 0-0: Ball
1-0: Foul Ball, location: 2F
1-1: Foul Ball, location: 2F
1-2: Strikes out swinging
Batting: RHB Sean Tanner 0-0: Swinging Strike
0-1: Swinging Strike
0-2: Strikes out looking
Batting: RHB Chris McGrath 0-0: Fly out, F8 (Line Drive, 78M, EV 85.0 MPH)
Top of the 4th over - 1 run, 3 hits, 1 error, 2 left on base; Hillsboro 1 - Williamsport 0
BOTTOM OF THE 4TH
Williamsport Crosscutters batting - Pitching for Hillsboro Hops : RHP Eric Teixeira
Batting: RHB Antonio Lara 0-0: Ball
1-0: Swinging Strike
1-1: Ground out 6-3 (Groundball, 6, EV 93.1 MPH)
Batting: LHB Rich Kuehne 0-0: Foul Ball, location: 2F
0-1: Foul Ball, location: 2F
0-2: Ball
1-2: Ball
2-2: Foul Ball, location: 2F
2-2: Foul Ball, location: 2F
2-2: Ball
3-2: Foul Ball, location: 2F
3-2: SINGLE (Groundball, 4D, EV 106.9 MPH)
Batting: RHB Pablo Lopez 0-0: Ball
1-0: SINGLE (Groundball, 34D, EV 108.1 MPH)
Rich Kuehne to second
Runner from 2nd tries for 3rd, SAFE, throw by RF made at trailing runner, OUT! 9-6
Batting: RHB Pete Deschamps 0-0: SINGLE (Flyball, 78S, EV 98.1 MPH)
Rich Kuehne scores
Batting: SHB Miguel Sierra 0-0: DOUBLE (Line Drive, 78D, EV 113.8 MPH)
Pete Deschamps to third
Runner from 3rd tries for Home, throw by LF and OUT! 7-6-2
Bottom of the 4th over - 1 run, 4 hits, 0 errors, 1 left on base; Hillsboro 1 - Williamsport 1
TOP OF THE 5TH
Hillsboro Hops batting - Pitching for Williamsport Crosscutters : RHP Jonathan Beishline
Batting: RHB Ryuki Ogasawara 0-0: Called Strike
0-1: Called Strike
0-2: Strikes out looking
Batting: RHB Daniel Rivera 0-0: Called Strike
0-1: Foul Ball, location: 2F
0-2: Ball
1-2: Ball
2-2: Ball
3-2: Base on Balls
Batting: RHB Nelson Ozuna 0-0: Ball
1-0: Ball
2-0: Ball
3-0: Called Strike
3-1: Base on Balls
Daniel Rivera to second
Batting: RHB Armando Estrada 0-0: Fielders Choice at 2nd, 6-4 (Groundball, 6, EV 101.2 MPH)
Daniel Rivera to third
Batting: RHB Danny Loyola 0-0: Ground out 4-3 (Groundball, 4S, EV 65.0 MPH)
Top of the 5th over - 0 runs, 0 hits, 0 errors, 2 left on base; Hillsboro 1 - Williamsport 1
BOTTOM OF THE 5TH
Williamsport Crosscutters batting - Pitching for Hillsboro Hops : RHP Eric Teixeira
Batting: RHB Gary Sampson 0-0: Called Strike
0-1: Fly out, F8 (Flyball, 8RXD, EV 101.2 MPH)
Batting: SHB Marco de Leon 0-0: Ball
1-0: Ball
2-0: Called Strike
2-1: Called Strike
2-2: Strikes out looking
Batting: RHB Bobby Matyas 0-0: Ground out 4-3 (Groundball, 4, EV 81.9 MPH)
Bottom of the 5th over - 0 runs, 0 hits, 0 errors, 0 left on base; Hillsboro 1 - Williamsport 1
TOP OF THE 6TH
Hillsboro Hops batting - Pitching for Williamsport Crosscutters : RHP Jonathan Beishline
Batting: RHB Terry Jarrells 0-0: Fly out, F5 (Line Drive, 5, EV 68.1 MPH)
Batting: RHB Jonathan Underhill 0-0: Ball
1-0: Called Strike
1-1: Ball
2-1: Foul Ball, location: 2F
2-2: Foul Ball, location: 2F
2-2: Ball
3-2: SINGLE (Groundball, 56, EV 81.2 MPH) (infield hit)
Batting: RHB Sean Tanner 0-0: Ball
1-0: Swinging Strike
1-1: Ball
2-1: Fielders Choice at 2nd, 4-6 (Groundball, 4, EV 83.8 MPH)
Batting: RHB Chris McGrath 0-0: Called Strike
0-1: SINGLE (Line Drive, 56D, EV 97.5 MPH)
Sean Tanner to second
Pitching: RHP Ron Knowles
Pinch Hitting: SHB Pete Perla 0-0: Fly out, F8 (Flyball, 8RM, EV 90.0 MPH)
Top of the 6th over - 0 runs, 2 hits, 0 errors, 2 left on base; Hillsboro 1 - Williamsport 1
BOTTOM OF THE 6TH
Williamsport Crosscutters batting - Pitching for Hillsboro Hops : RHP Eric Teixeira
Now at 2B: Pete Perla
Now at SS: Jonathan Underhill
Batting: RHB Carlos Morejon 0-0: Swinging Strike
0-1: Swinging Strike
0-2: Foul Ball, location: 2F
0-2: Foul Ball, location: 2F
0-2: Foul Ball, location: 2F
0-2: Hit by Pitch
Batting: RHB Antonio Lara 0-0: Fielders Choice at 2nd, 1-6 (Groundball, 13S, EV 63.1 MPH)
Batting: LHB Rich Kuehne 0-0: Foul Ball, location: 2F
0-1: SINGLE (Groundball, 4M, EV 98.8 MPH) (infield hit)
Antonio Lara to second
Batting: RHB Pablo Lopez 0-0: Fielders Choice at 2nd, 6-4 (Groundball, 6, EV 106.2 MPH)
Antonio Lara to third
Batting: RHB Pete Deschamps 0-0: Foul Ball, location: 2F
0-1: Ball
1-1: Swinging Strike
1-2: Ball
2-2: Ball
3-2: Strikes out swinging
Bottom of the 6th over - 0 runs, 1 hit, 0 errors, 2 left on base; Hillsboro 1 - Williamsport 1
TOP OF THE 7TH
Hillsboro Hops batting - Pitching for Williamsport Crosscutters : RHP Ron Knowles
Pinch Hitting: LHB Henry Hutson 0-0: Ball
1-0: Ball
2-0: Ground out 4-3 (Groundball, 34, EV 102.5 MPH)
Batting: RHB Nelson Ozuna 0-0: Ball
1-0: Called Strike
1-1: Ball
2-1: Ball
3-1: Called Strike
3-2: Strikes out looking
Batting: RHB Armando Estrada 0-0: Ball
1-0: Ball
2-0: Foul Ball, location: 2F
2-1: Ground out 5-3 (Groundball, 56S, EV 85.0 MPH)
Top of the 7th over - 0 runs, 0 hits, 0 errors, 0 left on base; Hillsboro 1 - Williamsport 1
BOTTOM OF THE 7TH
Williamsport Crosscutters batting - Pitching for Hillsboro Hops : RHP Eric Teixeira
Now at 3B: Henry Hutson
Batting: SHB Miguel Sierra 0-0: Fly out, F7 (Line Drive, 78M, EV 95.0 MPH)
Batting: RHB Gary Sampson 0-0: Swinging Strike
0-1: Called Strike
0-2: Ball
1-2: Ball
2-2: Foul Ball, location: 2F
2-2: SOLO HOME RUN (Flyball, 78XD, EV 99.4 MPH), Distance : 414 ft
Pitching: RHP Ted Splawn
Batting: SHB Marco de Leon 0-0: Ball
1-0: Ball
2-0: Called Strike
2-1: Ball
3-1: Base on Balls
Batting: RHB Bobby Matyas 0-0: Ground out 4-3 (Groundball, 4S, EV 69.4 MPH)
Marco de Leon to second
Batting: RHB Carlos Morejon 0-0: Foul Ball, location: 2F
0-1: Foul Ball, location: 2F
0-2: Strikes out looking
Bottom of the 7th over - 1 run, 1 hit, 0 errors, 1 left on base; Hillsboro 1 - Williamsport 2
TOP OF THE 8TH
Hillsboro Hops batting - Pitching for Williamsport Crosscutters : RHP Ron Knowles
Batting: RHB Danny Loyola 0-0: Ball
1-0: Ball
2-0: Called Strike
2-1: Called Strike
2-2: SINGLE (Line Drive, 6D, EV 106.9 MPH)
Pinch Hitting: LHB Josh Thomas 0-0: Foul Ball, location: 2F
0-1: Ball
1-1: Foul Ball, location: 2F
1-2: Ball
2-2: Strikes out looking
Pinch Hitting: SHB Morgan Batson 0-0: Foul Ball, location: 2F
0-1: Foul Ball, location: 2F
0-2: Foul Ball, location: 2F
0-2: Ball
1-2: Strikes out swinging
Pinch Hitting: LHB Dillon Rizzuto 0-0: Called Strike
Pickoff Throw to First - Out! 1-3
Top of the 8th over - 0 runs, 1 hit, 0 errors, 0 left on base; Hillsboro 1 - Williamsport 2
BOTTOM OF THE 8TH
Williamsport Crosscutters batting - Pitching for Hillsboro Hops : RHP Ted Splawn
Now at C: Josh Thomas
Now at 1B: Dillon Rizzuto
Now at SS: Dwane Reed
Batting: RHB Antonio Lara 0-0: Called Strike
0-1: Swinging Strike
0-2: Fly out, F8 (Flyball, 8LD, EV 100.6 MPH)
Batting: LHB Rich Kuehne 0-0: Called Strike
0-1: Swinging Strike
0-2: Strikes out swinging, 2-3 out at first.
Batting: RHB Pablo Lopez 0-0: Ball
1-0: SINGLE (Line Drive, 7S, EV 100.0 MPH)
Batting: RHB Pete Deschamps 0-0: Called Strike
0-1: Foul Ball, location: 2F
0-2: Ball
1-2: Ball
2-2: Ground out 4-3 (Groundball, 13, EV 90.0 MPH)
Bottom of the 8th over - 0 runs, 1 hit, 0 errors, 1 left on base; Hillsboro 1 - Williamsport 2
TOP OF THE 9TH
Hillsboro Hops batting - Pitching for Williamsport Crosscutters : RHP Ron Knowles
Pitching: RHP Francisco Tejada
Batting: LHB Dillon Rizzuto 0-0: Foul Ball, location: 2F
0-1: Swinging Strike
0-2: Ball
1-2: Strikes out swinging
Batting: RHB Chris McGrath 0-0: Ball
1-0: Called Strike
1-1: SINGLE (Groundball, 6MD, EV 108.8 MPH)
Batting: SHB Pete Perla 0-0: Called Strike
0-1: Ball
1-1: Fielders Choice at 2nd, 1-6 (Groundball, 13S, EV 63.1 MPH)
Batting: LHB Henry Hutson 0-0: Ball
1-0: Foul Ball, location: 2F
1-1: Ball
2-1: Swinging Strike
2-2: Ball
3-2: Foul Ball, location: 2F
3-2: Foul Ball, location: 2F
3-2: SINGLE (Line Drive, 9LS, EV 90.6 MPH)
Pete Perla to second
Pete Perla to third
Batting: RHB Nelson Ozuna 0-0: Called Strike
0-1: Ball
1-1: Foul Ball, location: 2F
1-2: Ball
2-2: Foul Ball, location: 2F
2-2: Fielders Choice at 2nd, 5-4 (Groundball, 5, EV 78.1 MPH)
Top of the 9th over - 0 runs, 2 hits, 0 errors, 2 left on base; Hillsboro 1 - Williamsport 2
Thursday, December 15th , 2022 - OOTP Baseball 23.9 Build 102